 Dungeon Crawl Stone Soup version 0.23.1-44-gbd83930989 (webtiles) character file.

Game seed: 2663518362417830004

2688 PentaManta the Carver (level 9, -1/56 HPs)
             Began as an Octopode Fighter on Mar 30, 2019.
             Was a Follower of Dithmenos.
             Slain by a sky beast (6 damage)
             ... on level 8 of the Dungeon.
             The game lasted 00:15:29 (7568 turns).

PentaManta the Carver (Octopode Fighter)            Turns: 7568, Time: 00:15:30

Health: -1/56      AC:  1    Str: 15    XL:     9   Next: 64%
Magic:  9/9        EV: 15    Int: 14    God:    Dithmenos [*.....]
Gold:   262        SH: 10    Dex: 15    Spells: 8/8 levels left

rFire    . . .     SeeInvis .   a - +1 long sword
rCold    . . .     Gourm    .   b - +1 shield
rNeg     . . .     Faith    .   (helmet restricted)
rPois    .         Spirit   .   (no amulet)
rElec    .         Reflect  .   o - +4 ring of intelligence
rCorr    .         Harm     .   (no ring)
MR       .....                  (no ring)
Stlth    ++++++....             (no ring)
HPRegen  0.18/turn              (no ring)
MPRegen  0.11/turn              (no ring)
                                (no ring)
                                (no ring)

@: wreathed by umbra
A: almost no armour, stealthy swim, amphibious, 8 rings, constrict 8, camouflage
1, gelatinous body 1
a: Renounce Religion


You were on level 8 of the Dungeon.
You worshipped Dithmenos.
Dithmenos was aware of your devotion.
You were very hungry.

You visited 2 branches of the dungeon, and saw 9 of its levels.

You collected 262 gold pieces.

Inventory:

Hand Weapons
 a - a +1 long sword (weapon)
Armour
 b - a +1 shield (worn)
Jewellery
 o - a +4 ring of intelligence (left tentacle)
Wands
 g - a wand of acid (1)
 k - a wand of digging (5)
 v - a wand of random effects (22)
 y - a wand of flame (23)
 z - a wand of iceblast (10)
 A - a wand of enslavement (8)
Scrolls
 e - 2 scrolls of remove curse
 h - 7 scrolls of identify
 j - a scroll of fear
 p - a scroll of holy word {unknown}
 q - 2 scrolls of teleportation
 x - a scroll of fog {unknown}
 B - a scroll of enchant weapon
Potions
 i - a potion of haste
 l - 5 potions of curing
 m - a potion of brilliance {unknown}
 n - a potion of magic {unknown}
 r - a potion of cancellation {unknown}
 s - a potion of invisibility {unknown}
 t - a potion of resistance
 u - 2 potions of flight {unknown}
 C - a potion of lignification {unknown}
Comestibles
 d - 10 rations


   Skills:
 - Level 3.0 Fighting
 * Level 9.4 Long Blades
 + Level 7.1 Dodging
 + Level 9.0 Stealth
 - Level 3.0 Shields


You had 8 spell levels left.
You didn't know any spells.
Your spell library contained the following spells:

 Spells                   Type           Power        Failure   Level  Hunger
 Magic Dart               Conj           #...         80%         1    ##.....
 Searing Ray              Conj           #.....       90%         2    ###....
 Dazzling Spray           Conj/Hex       #.....       99%         3    ####...
 Force Lance              Conj/Tloc      #.......     100%        4    #####..
 Fulminant Prism          Conj/Hex       #.........   100%        4    #####..
 Iskenderun's Mystic Bla  Conj           #.......     100%        4    #####..


Dungeon Overview and Level Annotations

Branches:
Dungeon (8/15)             Temple (1/1) D:4
   Lair: D:8-11

Altars:
Ashenzari
Cheibriados
Dithmenos
Elyvilon
Fedhas
Gozag
Hepliaklqana
Kikubaaqudgha
Makhleb
Nemelex Xobeh
Okawaru
Qazlal
Ru
Sif Muna
Trog
Uskayaw
Vehumet
Wu Jian
Xom
Yredelemnul
The Shining One

Annotations:
D:6 exclusion: downstairs
D:7 1 runed translucent door, McKennaii's ghost, novice GrFi


Innate Abilities, Weirdness & Mutations

You cannot wear most types of armour.
You are very stealthy in the water. (Stealth+)
You are amphibious.
You can wear up to eight rings at the same time.
You can use your tentacles to constrict eight enemies at once.
Your skin changes colour to match your surroundings (Stealth+).
Your rubbery body absorbs attacks. (AC +1, EV +1)


Message History

The sky beast is almost dead.
The sky beast closely misses you.
You completely miss the sky beast.
The sky beast is almost dead.
The sky beast flickers out of sight!
Deactivating autopickup; reactivate with Ctrl-A.
Something barely misses you.
There is a strange disturbance nearby!
There is a strange disturbance nearby!
Something hits you.
* * * LOW HITPOINT WARNING * * *
Something shocks you.
* * * LOW HITPOINT WARNING * * *
You climb downwards.
Reactivating autopickup.
There is a stone staircase leading up here.
You feel better. Something hits you.
* * * LOW HITPOINT WARNING * * *
Something shocks you.
You die...

......# ......#
#....#
###....##
........##
#......#
#......####
###.....{...#
......#.#@.#.##
#####.#.#[.#.#
#...[..#.#
###[#[...#
#.##...#
#.##...#
#.##...#
#.##..... #.#
...##.


There were no monsters in sight!

Vanquished Creatures
  Pikel (D:5)
  A hornet (D:7)
  Sigmund (D:3)
  Menkaure (D:7)
  A water moccasin (D:7)
  An ice beast (D:5)
  A sky beast (D:6)
  A slave (D:5)
  A centaur (D:7)
  3 ogres
  A phantom (D:8)
  A bullfrog (D:7)
  6 howler monkeys
  A crimson imp (D:6)
  3 bullfrog skeletons
  A hound (D:4)
  3 orc priests
  A centaur skeleton (D:2)
  7 orc wizards
  A worker ant (D:4)
  A hound skeleton (D:4)
  6 gnolls
  8 adders
  A shadow imp (D:6)
  3 oozes
  2 worms
  4 dart slugs
  5 leopard geckos
  15 orcs
  2 giant cockroaches (D:3)
  11 goblins
  10 hobgoblins
  11 jackals
  3 quokkas
  8 bats
  7 frilled lizards
  8 kobolds
  A quokka skeleton (D:5)
  2 quokka zombies
  8 rats
153 creatures vanquished.

Notes
Turn   | Place    | Note
-------+----------+-------------------------------------------
     0 | D:1      | PentaManta the Octopode Fighter began the quest for the
                  | Orb.
     0 | D:1      | Reached XP level 1. HP: 16/16 MP: 1/1
    76 | D:1      | Reached XP level 2. HP: 15/21 MP: 2/2
    94 | D:1      | Reached skill level 1 in Stealth
   534 | D:1      | Reached XP level 3. HP: 20/26 MP: 3/3
  1191 | D:2      | Reached XP level 4. HP: 16/31 MP: 4/4
  1798 | D:2      | Reached XP level 5. HP: 26/36 MP: 5/5
  1831 | D:2      | You fall through a shaft!
  2706 | D:3      | Noticed Sigmund
  2714 | D:3      | Killed Sigmund
  2714 | D:3      | Reached skill level 5 in Long Blades
  2714 | D:3      | Reached XP level 6. HP: 20/42 MP: 6/6
  3357 | D:4      | Found a staircase to the Ecumenical Temple.
  3385 | Temple   | Entered the Ecumenical Temple
  3489 | Temple   | Became a worshipper of Dithmenos the Shadowed
  3569 | D:5      | Entered Level 5 of the Dungeon
  3707 | D:4      | Reached XP level 7. HP: 40/46 MP: 7/7
  3723 | D:4      | Reached skill level 5 in Stealth
  4348 | D:4      | Reached skill level 5 in Dodging
  4565 | D:5      | Reached XP level 8. HP: 42/52 MP: 8/8
  4913 | D:5      | Noticed Pikel
  4931 | D:5      | Killed Pikel
  5728 | D:6      | Reached * piety under Dithmenos
  5752 | D:6      | Reached XP level 9. HP: 38/56 MP: 9/9
  6488 | D:7      | Noticed McKennaii's ghost (novice GrFi)
  6491 | D:7      | Found a runed translucent door.
  6560 | D:7      | HP: 2/56 [bullfrog (8)]
  6918 | D:7      | Noticed a hornet
  6926 | D:7      | Paralysed by a hornet for 2 turns
  6932 | D:7      | Killed a hornet
  7251 | D:7      | Noticed Menkaure
  7556 | D:7      | Killed Menkaure
  7566 | D:7      | HP: 2/56 [something (6)]
  7568 | D:8      | Slain by a sky beast

Skill      XL: |  1  2  3  4  5  6  7  8  9 |
---------------+----------------------------+-----
Stealth        | 1 2 4 5 7 9 |  9.0
Long Blades    | 3 5 6 8 9 |  9.4
Dodging        | 4 5 6 7 |  7.1
Fighting       | |  3.0
Shields        | |  3.0

Action                   |  1- 3 |  4- 6 |  7- 9 || total
-------------------------+-------+-------+-------++-------
Melee: Long sword        |    63 |   101 |   202 ||   366
       Constrict         |    17 |    29 |    42 ||    88
       Tentacles         |    11 |    29 |    41 ||    81
Throw: Throwing net      |       |       |     3 ||     3
Evoke: Wand              |       |       |     7 ||     7
  Use: Potion            |       |     1 |     6 ||     7
       Scroll            |       |     9 |       ||     9
 Stab: Sleeping          |     5 |    14 |     6 ||    25
  Eat: Chunk             |       |     9 |    11 ||    20
Armor: Skin              |     6 |     5 |     8 ||    19
Dodge: Dodged            |    31 |    47 |    91 ||   169
Block: Shield            |    23 |    42 |    83 ||   148
       Rpst.: Long sword |     8 |    19 |    29 ||    56
